 Dungeon Crawl Stone Soup version 0.31-a0-1338-gb567cfdca4 (webtiles) character file.

Game seed: 3066350216172584271

1218 jestert79 the Mimic (level 8, -4/57 HPs)
             Began as a Merfolk Shapeshifter on Dec 22, 2023.
             Was a Follower of Fedhas.
             Slain by a sky beast (6 damage)
             ... on level 6 of the Dungeon.
             The game lasted 00:24:25 (5026 turns).

jestert79 the Mimic (Merfolk Shapeshifter)          Turns: 5026, Time: 00:24:25

Health: -4/57      AC:  4    Str: 17    XL:     8   Next: 46%
Magic:  8/8        EV: 13    Int:  9    God:    Fedhas [*.....]
Gold:   281        SH:  0    Dex: 13    Spells: 5/7 levels left

rFire   . .          .
                       - Unarmed
rCold   + . .        (no shield)
rNeg    + . .        q - +2 robe {rN+}
rPois   .            (helmet currently unavailable)
rElec   .            (cloak currently unavailable)
rCorr   .            (gloves currently unavailable)
SInv    .            (boots currently unavailable)
Will    .....        (no amulet)
Stlth   +            j - ring of protection from cold
HPRegen 0.29/turn    (no ring)
MPRegen 0.11/turn

%: no passive effects
@: lethally poisoned (-4 -> -7), beast-form
A: beast (slay +4), (nimble swimmer 2), mertail
a: Begin Untransformation, Renounce Religion


You were on level 6 of the Dungeon.
You worshipped Fedhas.
Fedhas was aware of your devotion.
You were a hulking beast.
You visited 1 branch of the dungeon, and saw 6 of its levels.

You collected 281 gold pieces.

Inventory:

Missiles
 a - 7 boomerangs (quivered)
 n - 24 stones
 s - 4 javelins
Armour
 q - a +2 robe of positive energy (worn)
Jewellery
 j - a ring of protection from cold (left hand)
Talismans
 c - a beast talisman
 d - a flux talisman
 h - a serpent talisman
Scrolls
 e - 2 scrolls of teleportation
 i - a scroll of revelation {unknown}
 m - a scroll of vulnerability {unknown}
Potions
 b - a potion of lignification
 f - 3 potions of curing {unknown}
 g - a potion of invisibility {unknown}
 k - a potion of attraction {unknown}
 l - a potion of resistance {unknown}
 o - 2 potions of degeneration {unknown}
 p - 2 potions of haste
 r - 3 potions of brilliance
 t - a potion of heal wounds {unknown}


   Skills:
 - Level 2.5 Fighting
 - Level 4.0 Dodging
 - Level 7.4 Unarmed Combat
 * Level 9.4 Shapeshifting


You had 5 spell levels left.
You knew the following spells:

 Your Spells              Type           Power      Damage    Failure   Level
a - Mercury Vapours       Alch/Air       0%         N/A       52%         2

Your spell library contained the following spells:

 Spells                   Type           Power      Damage    Failure   Level
 Call Imp                 Summ           0%         N/A       52%         2
 Sublimation of Blood     Necr           0%         N/A       52%         2
 Dazzling Flash           Conj/Hex       0%         N/A       77%         3
 Volatile Blastmotes      Fire/Tloc      0%         2d10      77%         3
 Irradiate                Conj/Alch      0%         3d11      100%        5
 Starburst                Conj/Fire      0%         6d3       100%        6
 Summon Hydra             Summ           0%         N/A       100%        7
 Maxwell's Capacitive Co  Air            0%         ∞         100%        8


Dungeon Overview and Level Annotations

Branches:
Dungeon (6/15)
 Temple: D:4-7

Altars:
Fedhas
Gozag
Hepliaklqana
Wu Jian

Annotations:
D:4 Edmund
D:6 1 runed translucent door, Crazy Yiuf, Dowan, Duvessa


Innate Abilities, Weirdness & Mutations

You are a hulking beast.
Your limbs bulge with bestial killing power. (Slay +4)
((You are very nimble when in or above water. (Stealth+, EV+, Speed+++)))
Your lower body shifts to a powerful aquatic tail in water.


Message History

You punch the black bear!
The black bear is almost dead.
The black bear bites you but does no damage.
The black bear claws you. x2; The sky beast flickers out of sight!
Deactivating autopickup; reactivate with Ctrl-A.
You punch the black bear!
You kill the black bear!
Fedhas appreciates your contribution to the ecosystem.
You miss the adder. The adder bites you.
You barely miss the adder. The adder bites you.
The adder bites you but does no damage.
You hit the adder. Your punch misses the adder.
The adder is severely wounded.
The adder bites you.
You are poisoned.
The adder poisons you!
You closely miss the adder. You punch the adder.
The adder is almost dead.
You feel sick. The adder bites you.
You are more poisoned.
The adder poisons you!
You hit the adder.
You kill the adder!
Fedhas appreciates your contribution to the ecosystem.
You feel sick.
You miss something.
You feel very sick. Something hits you but does no damage.
You hit something.
You feel sick. Something hits you. Something shocks you.
* * * LOW HITPOINT WARNING * * *
You hit something. Your punch misses something.
You feel sick. Something hits you.
* * * LOW HITPOINT WARNING * * *
Something shocks you.
* * * LOW HITPOINT WARNING * * *
You miss something.
You feel sick. Something hits you.
* * * LOW HITPOINT WARNING * * *
Something shocks you.
You die...
Fedhas appreciates your contribution to the ecosystem.

### ..# ###############
..#####.........h...#
..#..........######'####
..#..........# #.......#
..#..........# #...Y...#
..#..........# #.......#
###..........# #.......#
............# #.......#
#...........# #.......+
##...........###..$....#


There were no monsters in sight!

Vanquished Creatures
  Menkaure (D:4)
  A water moccasin (D:5)
  2 black bears
  3 phantoms
  2 bullfrogs
  A gnoll bouda (D:4)
  3 hounds
  2 orc priests
  An iguana (D:6)
  An orc wizard (D:2)
  3 gnolls
  8 adders
  2 bombardier beetles
  2 ufetubi (D:4)
  A worm (D:2)
  A dart slug (D:3)
  19 orcs
  10 endoplasms
  A giant cockroach (D:1)
  9 goblins
  5 hobgoblins
  2 jackals (D:1)
  8 kobolds
  5 quokkas
  7 ball pythons
  6 bats
  4 frilled lizards
  5 rats
115 creatures vanquished.

Vanquished Creatures (others)
  A hound (D:4)
  A sleepcap (D:4)
  An orc (D:5)
  A hobgoblin (D:4)
4 creatures vanquished.

Grand Total: 119 creatures vanquished

Notes
Turn   | Place    | Note
-------+----------+-------------------------------------------
     0 | D:1      | jestert79 the Merfolk Shapeshifter began the quest for the
                  | Orb.
     0 | D:1      | Reached XP level 1. HP: 15/15 MP: 1/1
   215 | D:1      | Reached XP level 2. HP: 21/21 MP: 2/2
   488 | D:1      | Reached XP level 3. HP: 25/26 MP: 3/3
  1246 | D:2      | Reached skill level 5 in Shapeshifting
  1285 | D:2      | Reached XP level 4. HP: 32/32 MP: 4/4
  1580 | D:2      | Found an ornate altar of the Wu Jian Council.
  2011 | D:3      | Reached XP level 5. HP: 34/37 MP: 5/5
  2021 | D:3      | Noticed a phantom
  2223 | D:3      | Found a blossoming altar of Fedhas.
  2248 | D:3      | Became a worshipper of Fedhas Madash
  2263 | D:3      | Reached skill level 5 in Unarmed Combat
  2456 | D:3      | Reached skill level 6 in Shapeshifting
  2478 | D:3      | Killed a phantom
  2479 | D:3      | Reached XP level 6. HP: 36/43 MP: 6/6
  2901 | D:4      | Noticed Edmund
  3213 | D:4      | Reached skill level 7 in Shapeshifting
  3282 | D:4      | Noticed Menkaure
  3299 | D:4      | Killed Menkaure
  3300 | D:4      | Reached XP level 7. HP: 33/48 MP: 7/7
  3448 | D:5      | Entered Level 5 of the Dungeon
  3577 | D:5      | Reached skill level 8 in Shapeshifting
  3859 | D:5      | Found a hazy altar of Hepliaklqana.
  3912 | D:5      | Reached * piety under Fedhas
  3913 | D:5      | Reached XP level 8. HP: 28/56 MP: 8/8
  4080 | D:4      | Got the Vellum of the Bright Adder
  4099 | D:4      | Learned a level 2 spell: Mercury Vapours
  4495 | D:5      | Found an opulent altar of Gozag.
  4723 | D:6      | Noticed Duvessa
  4724 | D:6      | Noticed Dowan
  4784 | D:6      | Found a runed translucent door.
  4785 | D:6      | Noticed Crazy Yiuf
  4990 | D:6      | Reached skill level 9 in Shapeshifting
  5026 | D:6      | HP: 2/57 [something (3)]
  5026 | D:6      | Slain by a sky beast

Illustrated notes

Levels and vault maps discovered:
D:1:      psy_arrival_statuary, layout_basic
D:2:      layout_rooms, basic_altar, minmay_gold_behind_fungi
D:3:      layout_loops_ring, mainiacjoe_overflow_surrounded_room
D:4:      layout_loops_cross, nicolae_qazlal_beasts_of_the_sky,
          nicolae_shop_gadgets, uniq_sigmund, uniq_edmund, uniq_menkaure,
          uniq_blork_the_orc
D:5:      layout_loops_cross, lemuel_round_altar, grunt_gozag_breadcrumbs
D:6:      layout_basic, temple_hall, lightli_orcish_oven, uniq_duvessa,
          uniq_crazy_yiuf_cottage, uniq_grinder

Skill      XL: |  1  2  3  4  5  6  7  8 |
---------------+-------------------------+-----
Unarmed Combat | 4 5 6 7 |  7.4
Shapeshifting  | 5 6 7 8 9 |  9.4
Dodging        | 3 4 |  4.0
Fighting       | 2 |  2.5

Action                     |  1- 3 |  4- 6 |  7- 9 || total
---------------------------+-------+-------+-------++-------
  Melee: Unarmed           |    75 |   133 |   111 ||   319
         Punch             |     1 |     3 |     4 ||     8
  Throw: Boomerang         |       |     8 |     6 ||    14
    Use: Scroll            |       |     5 |     1 ||     6
   Stab: Sleeping          |     1 |     2 |       ||     3
 Armour: Animal skin       |    32 |    23 |       ||    55
         Robe              |       |    39 |    73 ||   112
  Dodge: Dodged            |    34 |    52 |    78 ||   164

Table legend: (Time is in decaauts)
 A = Elapsed time spent in this place.
 B = Non-inter-level travel time spent in this place.
 C = Inter-level travel time spent in this place.
 D = Time resting spent in this place.
 E = Time spent auto-exploring this place.
 F = Levels seen in this place.
 G = Mean time per level.
                   A        B        C        D        E       F      G
               +--------+--------+--------+--------+--------+-----+--------+
         Total |   5005 |   4613 |    392 |    815 |   1753 |   6 |  834.2 |
       Dungeon |   5005 |   4613 |    392 |    815 |   1753 |   6 |  834.2 |
               +--------+--------+--------+--------+--------+-----+--------+

Top non-repeatable levels by time:
     D:1: 1208 daAuts
     D:3: 1138 daAuts
     D:5: 1001 daAuts
     D:2: 734 daAuts
     D:4: 529 daAuts
     D:6: 392 daAuts
